 Dungeon Crawl Stone Soup version 0.19.1 (webtiles) character file.

4 tyranidshit the Skirmisher (level 1, 0/18 HPs)
             Began as a Demonspawn Abyssal Knight on Dec 19, 2016.
             Was an Initiate of Lugonu.
             Slain by a hobgoblin
             ... wielding a +0 dagger
              (2 damage)
             ... on level 1 of the Dungeon.
             The game lasted 00:02:27 (351 turns).

tyranidshit the Skirmisher (DsAK)                    Turns: 351, Time: 00:02:28

Health: 0/18       AC:  2    Str: 12    XL:     1   Next: 50%
Magic:  2/2        EV: 11    Int: 17    God:    Lugonu [......]
Gold:   0          SH:  0    Dex: 12    Spells: 0 memorised, 0 levels left

rFire  . . .     SeeInvis +     a - +1 hand axe
rCold  . . .     Gourm    .     i - +0 robe "Wemotoip" {Int+4 SInv Stlth+} (curse)
rNeg   . . .     Faith    .     (no shield)
rPois  .         Spirit   .     (no helmet)
rElec  .         Reflect  .     (no cloak)
rCorr  .         Harm     .     (no gloves)
MR     .....                    (no boots)
Stlth  ++........               (no amulet)
                                (no ring)
                                (no ring)

@: very slightly contaminated
A: no striking features
a: Renounce Religion


You were on level 1 of the Dungeon.
You worshipped Lugonu.
Lugonu was noncommittal.
You were not hungry.

You visited 1 branch of the dungeon, and saw 1 of its levels.
You visited the Abyss 1 time.

Inventory:

Hand Weapons
 a - a +1 hand axe (weapon)
 h - a +0 shortbow
 k - a +0 hand crossbow
Missiles
 e - 4 needles of sleeping
Armour
 b - a +0 leather armour
 i - the cursed +0 robe "Wemotoip" (worn) {Int+4 SInv Stlth+}
   (You found it on level 2 of the Abyss)

   It affects your intelligence (+4).
   It lets you see invisible.
   It makes you more stealthy.
   It has a curse placed upon it.
Comestibles
 c - a bread ration


   Skills:
 + Level 3.3 Fighting
 - Level 1.7 Axes
 - Level 1.7 Armour
 - Level 0.8 Dodging
 - Level 2.4 Invocations


You couldn't memorise any spells.
You didn't know any spells.

Dungeon Overview and Level Annotations

Branches:
Dungeon (1/15)

Altars:


Message History

You hit the hobgoblin but do no damage.
The hobgoblin is severely wounded.
You hit the giant cockroach. The giant cockroach bites you.
The hobgoblin hits you but does no damage.
The giant cockroach closely misses you.
You hit the hobgoblin but do no damage.
The hobgoblin is severely wounded.
You barely miss the giant cockroach. The hobgoblin hits you with a dagger.
* * * LOW HITPOINT WARNING * * *
The giant cockroach bites you.
* * * LOW HITPOINT WARNING * * *
The hobgoblin barely misses you.
You are too injured to fight recklessly!
You are too injured to fight recklessly!
You hit the hobgoblin but do no damage.
The hobgoblin is heavily wounded.
You hit the giant cockroach but do no damage.
The giant cockroach bites you but does no damage.
The hobgoblin hits you with a dagger.
You die...

#.#.#
#..........###.#.###
#..........#.......# .
#......... #.......#
..##.(..... #.......#
.......... #.......#
.........## ##.######
......s...#####.########
......g@......#.#......>
..........#.............
............#####.......
............# #.......
.........#...####.######
................#.#
................#.#
..................#
.........###


You could see a giant cockroach and a hobgoblin.

Vanquished Creatures
  2 bats (D:1)
  A goblin (D:1)
3 creatures vanquished.

Notes
Turn   | Place    | Note
-------+----------+-------------------------------------------
     0 | Abyss:1  | tyranidshit the Demonspawn Abyssal Knight began the quest for the Orb.
     0 | Abyss:1  | Reached XP level 1. HP: 18/18 MP: 2/2
    75 | Abyss:1  | Noticed a large abomination
    96 | Abyss:1  | Noticed a raiju
    98 | Abyss:1  | Noticed a small abomination
   155 | Abyss:2  | Got a tattered robe
   166 | Abyss:2  | Identified the cursed +0 robe "Wemotoip" {Int+4 SInv Stlth+} (You found it on level 2 of the Abyss)
   187 | Abyss:2  | Noticed an orb spider
   208 | Abyss:2  | Noticed a spatial vortex
   209 | Abyss:2  | Noticed a spatial vortex
   232 | Abyss:2  | Noticed a small abomination
   236 | Abyss:2  | Noticed a large abomination
   243 | Abyss:2  | Noticed a worldbinder
   250 | Abyss:2  | Noticed a ynoxinul
   251 | Abyss:2  | Noticed an insubstantial wisp
   251 | Abyss:2  | Noticed an insubstantial wisp
   251 | Abyss:2  | Noticed an insubstantial wisp
   251 | D:1      | Escaped the Abyss
   351 | D:1      | Slain by a hobgoblin

Action                   || total
-------------------------++-------
Melee: Hand axe          ||    14
Invok: Depart the Abyss  ||     1
  Use: Scroll            ||     2
       Potion            ||     2
Armor: Robe              ||     5
       Skin              ||     3
Dodge: Dodged            ||     8
